 Dungeon Crawl Stone Soup version 0.31-a0-542-gdc2a67831c (webtiles) character file.

Game seed: 7686428175377753144

50 Gargoyl the Trooper (level 3, -2/24 HPs)
             Began as a Gargoyle Chaos Knight on Aug 14, 2023.
             Was a Plaything of Xom.
             Slain by Sigmund
             ... wielding a +0 scythe
              (5 damage)
             ... on level 3 of the Dungeon.
             The game lasted 00:02:38 (1225 turns).

Gargoyl the Trooper (Gargoyle Chaos Knight)         Turns: 1225, Time: 00:02:39

Health: -2/24      AC: 12    Str: 15    XL:     3   Next: 79%
Magic:  3/3        EV:  7    Int: 12    God:    Xom [...*..]
Gold:   53         SH:  0    Dex: 11    Spells: 2/2 levels left

rFire   . . .        a - +0 hand axe (chaos)
rCold   . . .        (no shield)
rNeg    + . .        i - +0 chain mail
rPois   ∞            (no helmet)
rElec   +            (no cloak)
rCorr   .            (no gloves)
SInv    .            (no boots)
Will    .....        (no amulet) Stlth
                     (no ring)
HPRegen 0.24/turn    (no ring)
MPRegen 0.08/turn

%: no passive effects
@: no status effects
A: sickness immunity, AC +3, negative energy resistance 1, electricity
resistance, torment resistance 1, petrification resistance
a: Renounce Religion


You were on level 3 of the Dungeon.
You worshipped Xom.
You were a favourite toy of Xom.
You visited 1 branch of the dungeon, and saw 3 of its levels.

You collected 53 gold pieces.

Inventory:

Hand Weapons
 a - a +0 hand axe of chaos (weapon)
Armour
 i - a +0 chain mail (worn)
Jewellery
 j - a +4 ring of protection
Scrolls
 c - a scroll of butterflies
 f - a scroll of teleportation
 h - a scroll of poison {unknown}
 k - a scroll of blinking {unknown}
Potions
 b - a potion of mutation {unknown}
 e - a potion of curing {unknown}
 g - 3 potions of heal wounds {unknown}


   Skills:
 + Level 3.9 Fighting
 + Level 3.3 Axes
 + Level 2.8 Armour
 + Level 1.1 Dodging


You had 2 spell levels left.
You didn't know any spells.
Your spell library contained the following spells:

 Spells                   Type           Power      Damage    Failure   Level
 Ignite Poison            Fire/Tmut/Pois 0%         N/A       100%        3
 Inner Flame              Hex/Fire       0%         N/A       100%        3
 Freezing Cloud           Conj/Ice/Air   0%         6-21      100%        5
 Yara's Violent Unravell  Hex/Tmut       0%         3d3       100%        5
 Enfeeble                 Hex            0%         N/A       100%        7
 Cigotuvi's Dreadful Rot  Necr/Pois/Air  Unusable   N/A       N/A         2

Dungeon Overview and Level Annotations

Branches:
Dungeon (3/15)

Altars:

Shops:
D:1 :   D:2 [:[:[

Annotations:
D:3 Sigmund


Innate Abilities, Weirdness & Mutations

You are immune to sickness and miasma.
Your stone body is resilient. (AC +3)
You are immune to poison.
You resist negative energy. (rN+)
You are resistant to electric shocks. (rElec)
You are resistant to unholy torment.
You are immune to petrification.


Message History

You hit the frilled lizard. You freeze the frilled lizard.
You kill the frilled lizard!
You see here a frilled lizard corpse.
HP restored.
Sigmund the Dreaded comes into view.
He is wielding a +0 scythe and wearing a +0 robe of cold resistance.
Sigmund shouts!
Sigmund gestures wildly while chanting.
Sigmund flickers and vanishes!
Deactivating autopickup; reactivate with Ctrl-A.
There is a strange disturbance nearby!
There is a strange disturbance nearby!
You hear some strange, mumbled words.
A magic dart appears from out of thin air!
The magic dart hits you but does no damage.
You closely miss something. Something hits you.
You barely miss something. You barely miss something.
You hear some strange, mumbled words.
A puff of flame appears from out of thin air!
The puff of flame hits you but does no damage.
Something hits you.
You barely miss something. You closely miss something.
Something hits you but does no damage.
You hit something. Something hits you.
You miss something.
You hear some strange, mumbled words.
A magic dart appears from out of thin air!
The magic dart hits you!
You miss something. Something hits you but does no damage.
You barely miss something. You miss something.
Something hits you but does no damage.
Okay, then.
You miss something. Something hits you but does no damage.
You closely miss something. Something hits you.
You miss something. You hit something. Something hits you!
* * * LOW HITPOINT WARNING * * *
You miss something. Something hits you.
You die... "Boring in life, boring in death..."

#########
#.......#
#.#####.#
#.#.....#
###.#.#####
+{@.#.#
#####.####
#......#
#.#.##.##
...#.#...#
#.##
#.#..## ..
..#.#....#
#
###†#.##.#
#.#.#


There were no monsters in sight!

Vanquished Creatures
  An adder (D:2)
  4 ball pythons
  3 bats (D:2)
  4 endoplasms
  2 giant cockroaches (D:1)
  4 goblins (D:1)
  5 hobgoblins
  4 kobolds
  A quokka (D:1)
  6 frilled lizards
  5 rats
39 creatures vanquished.

Notes
Turn   | Place    | Note
-------+----------+-------------------------------------------
     0 | D:1      | Gargoyl the Gargoyle Chaos Knight began the quest for the
                  | Orb.
     0 | D:1      | Reached XP level 1. HP: 14/14 MP: 1/1
    19 | D:1      | XOM: divination: detect items
   137 | D:1      | Reached XP level 2. HP: 14/19 MP: 2/2
   409 | D:1      | Found a faded altar of an unknown god.
   411 | D:1      | Found Vaen's Book Boutique.
   469 | D:1      | Reached XP level 3. HP: 21/24 MP: 3/3
   644 | D:2      | Reached skill level 1 in Dodging
   666 | D:2      | Found Pitiurr's Book Shop.
   683 | D:2      | Found Dofehent's Book Shoppe.
   824 | D:2      | Found Zoiseuno's Antique Armour Shoppe.
   918 | D:2      | Found Viram Buth's Antique Armour Shop.
  1059 | D:2      | Found Xiveoptaige's Armour Emporium.
  1209 | D:3      | Noticed Sigmund
  1225 | D:3      | Slain by Sigmund

Illustrated notes

Levels and vault maps discovered:
D:1:      lemuel_arrival_rhombus, layout_basic,
          ebering_ecumenical_altar_sacrificial, serial_shops,
          nicolae_shop_tiny_waterfront
D:2:      layout_rooms, serial_shops, shop, nicolae_square_shop,
          nicolae_shop_tiny_waterfront, nicolae_shop_statue_plus, shop
D:3:      layout_basic, uniq_natasha, uniq_sigmund, uniq_terence, uniq_jessica

Skill      XL: |  1  2  3 |
---------------+----------+-----
Axes           | 3 |  3.3
Dodging        | 1 |  1.1
Fighting       | |  3.9
Armour         | |  2.8

Action                     || total
---------------------------++-------
  Melee: Hand axe          ||   105
    Use: Scroll            ||     2
   Stab: Petrifying        ||     1
         Distracted        ||     1
 Armour: Leather armour    ||    51
         Chain mail        ||    18
  Dodge: Dodged            ||    49

Table legend: (Time is in decaauts)
 A = Elapsed time spent in this place.
 B = Non-inter-level travel time spent in this place.
 C = Inter-level travel time spent in this place.
 D = Time resting spent in this place.
 E = Time spent auto-exploring this place.
 F = Levels seen in this place.
 G = Mean time per level.
                   A        B        C        D        E       F      G
               +--------+--------+--------+--------+--------+-----+--------+
         Total |   1238 |   1107 |    131 |      0 |    773 |   3 |  412.7 |
       Dungeon |   1238 |   1107 |    131 |      0 |    773 |   3 |  412.7 |
               +--------+--------+--------+--------+--------+-----+--------+

Top non-repeatable levels by time:
     D:1: 640 daAuts
     D:2: 544 daAuts
     D:3: 53 daAuts
